 Dungeon Crawl Stone Soup version 0.16-a0-3606-g1520cdc (webtiles) character file.

45 Grim the Ruffian (level 3, -9/31 HPs)
             Began as a Ghoul Monk on Jan 13, 2015.
             Mangled by Crazy Yiuf
             ... wielding a +2 quarterstaff of chaos
              (18 damage)
             ... while paralysed by Crazy Yiuf
             ... on level 2 of the Dungeon.
             The game lasted 00:02:34 (881 turns).

Grim the Ruffian (Ghoul Monk)                        Turns: 881, Time: 00:02:34

Health: -9/31      AC:  8    Str: 15    XL:     3   Next: 64%
Magic:  3/3        EV:  2    Int:  5    God:
Gold:   33         SH:  0    Dex: 11    Spells: 0 memorised, 2 levels left

rFire  . . .     SeeInvis .       - Unarmed
rCold  + . .     Clarity  .     l - +0 chain mail
rNeg   + + +     SustAb   .     (no shield)
rPois  ∞         Gourm    .     (no helmet)
rElec  .         Spirit   .     (no cloak)
rCorr  .         Warding  .     (no gloves)
rMut   .         Stasis   .     (no boots)
MR     .....                    (no amulet)
Stlth  ..........               (no ring)
                                (no ring)

@: paralysed, rotting, not resistant to hostile enchantments, extremely
unstealthy
A: rotting body, claws 1, carnivore 3, cold resistance 1, negative energy
resistance 3, poison resistance, slow healing 1, torment resistance, unbreathing
a: no special abilities


You were on level 2 of the Dungeon.
You were not hungry.

You visited 1 branch of the dungeon, and saw 2 of its levels.

You collected 33 gold pieces.

Inventory:

Armour
 a - a +0 robe
 l - a +0 chain mail (worn)
Magical devices
 k - a wand of polymorph (4)
Scrolls
 b - a scroll of magic mapping {unknown}
 c - a scroll of teleportation {unknown}
 e - a scroll of amnesia {unknown}
 h - a scroll of enchant weapon {unknown}
 i - a scroll of random uselessness {unknown}
 j - a scroll of enchant armour {unknown}
Comestibles
 d - a beef jerky
 f - a meat ration


   Skills:
 - Level 3.2 Fighting
 - Level 2.6 Dodging
 - Level 2.1 Stealth
 + Level 5.7 Unarmed Combat


You had 2 spell levels left.
You didn't know any spells.

Dungeon Overview and Level Annotations

Branches:
Dungeon (2/15)

Altars:

Annotations:
D:2 Crazy Yiuf


Innate Abilities, Weirdness & Mutations

Your body is rotting away.
You thrive on raw meat.
You have sharp fingernails.
You are carnivorous and can eat meat at any time.
Your flesh is cold resistant.
You are immune to negative energy.
Your system is resistant to poisons.
You heal slowly when monsters are visible.
You are immune to unholy pain and torment.
You can survive without breathing.


Message History

Crazy Yiuf shouts!
Crazy Yiuf hits you but does no damage.
You scratch Crazy Yiuf.
Crazy Yiuf begins to bleed from his wounds!
Crazy Yiuf is lightly wounded.
Crazy Yiuf hits you with a quarterstaff of chaos!
Crazy Yiuf burns you.
You claw Crazy Yiuf!
Crazy Yiuf is heavily wounded.
Crazy Yiuf hits you with a quarterstaff of chaos!
* * * LOW HITPOINT WARNING * * *
You suddenly lose the ability to move!
Crazy Yiuf cries, "You leg down broken song, no?"
Crazy Yiuf hits you with a quarterstaff of chaos.
* * * LOW HITPOINT WARNING * * *
Crazy Yiuf hits you with a quarterstaff of chaos.
* * * LOW HITPOINT WARNING * * *
You are electrocuted!
Ouch! That really hurt!
You die...

#.# #.# . #.# #.#
##.. #####.###.. ...
#.....##.## #..
####..#.##
###..###♣♣♣♣♣
#.......#
#....#.#P.♣.♣♣♣ ####
#.....#.##
#.##.......♣..♣#...#
#####.#..##
#.##......♣♣♣♣.@g..#
#..........
##.###..#.♣♣ ♣♣#..)#
####.###.#
.......##♣♣ ####
#..#.#.. ##.#####
#.#.⌠.#. #.#####
#..#.#.. #.#...#
#..###.# #.#.###
#.....## #.#.#
#.###### #.#.# S.#
##.# #


You could see Crazy Yiuf (bleeding).

Vanquished Creatures
  Terence (D:2)
  An adder (D:2)
  3 giant cockroaches
  3 hobgoblins (D:1)
  4 jackals (D:1)
  4 bats
  A giant newt (D:1)
  3 goblins (D:1)
  A kobold (D:1)
  3 rats
24 creatures vanquished.

Notes
Turn   | Place    | Note
--------------------------------------------------------------
     0 | D:1      | Grim, the Ghoul Monk, began the quest for the Orb.
     0 | D:1      | Reached XP level 1. HP: 19/19 MP: 1/1
   201 | D:1      | Reached XP level 2. HP: 26/26 MP: 2/2
   242 | D:1      | Reached skill level 5 in Unarmed Combat
   684 | D:2      | Reached XP level 3. HP: 31/31 MP: 3/3
   760 | D:2      | Noticed Terence
   776 | D:2      | Killed Terence
   874 | D:2      | Noticed Crazy Yiuf
   879 | D:2      | Paralysed by Crazy Yiuf for 3 turns
   881 | D:2      | Mangled by Crazy Yiuf

Action                   || total
-------------------------++-------
Melee: Unarmed           ||    74
 Stab: Sleeping          ||     6
  Eat: Chunk             ||     7
